 Dungeon Crawl Stone Soup version 0.20-a0-390-g4892b34 (webtiles) character file.

12 BearKnight92 the Firebug (level 2, 0/20 HPs)
             Began as a Draconian Fire Elementalist on Dec 30, 2016.
             Slain by a kobold
             ... wielding a +0 short sword
              (3 damage)
             ... on level 1 of the Dungeon.
             The game lasted 00:03:12 (336 turns).

BearKnight92 the Firebug (DrFE)                      Turns: 336, Time: 00:03:12

Health: 0/20       AC:  4    Str: 10    XL:     2   Next: 20%
Magic:  0/5        EV: 12    Int: 15    God:
Gold:   8          SH:  0    Dex: 11    Spells: 4/5 levels left

rFire  . . .     SeeInvis .     d - +0 dagger
rCold  . . .     Gourm    .     (armour unavailable)
rNeg   . . .     Faith    .     (no shield)
rPois  .         Spirit   .     (helmet restricted)
rElec  .         Reflect  .     (no cloak)
rCorr  .         Harm     .     (no gloves)
MR     .....                    (no boots)
Stlth  ++........               (no amulet)
                                (no ring)
                                (no ring)

@: no status effects
A: unfitting armour, cold-blooded, AC +4
a: no special abilities


You were on level 1 of the Dungeon.
You were not hungry.

You visited 1 branch of the dungeon, and saw 1 of its levels.

You collected 8 gold pieces.

Inventory:

Hand Weapons
 d - a +0 dagger (weapon)
Scrolls
 c - a scroll of remove curse {unknown}
 e - a scroll of amnesia {unknown}
 f - a scroll of identify {unknown}
 i - a scroll of recharging {unknown}
 j - a scroll of teleportation {unknown}
Books
 a - a book of Flames

   Spells                             Type                      Level
   a - Flame Tongue                   Conjuration/Fire             1
   b - Throw Flame                    Conjuration/Fire             2
   c - Conjure Flame                  Conjuration/Fire             3
   d - Inner Flame                    Hexes/Fire                   3
   e - Sticky Flame                   Conjuration/Fire             4
   f - Fireball                       Conjuration/Fire             5
Comestibles
 b - a bread ration
 g - a meat ration
 h - 4 chunks of flesh


   Skills:
 + Level 1.8 Dodging
 + Level 2.0 Stealth
 * Level 2.0 Spellcasting
 * Level 1.2 Conjurations
 * Level 3.3 Fire Magic


You had 4 spell levels left.
You knew the following spells:

 Your Spells              Type           Power        Failure   Level  Hunger
a - Flame Tongue          Conj/Fire      #....        12%         1    #......


Dungeon Overview and Level Annotations

Branches:
Dungeon (1/15)

Altars:


Innate Abilities, Weirdness & Mutations

Your plain brown scales are hard. (AC +4)
You cannot fit into any form of body armour.
You are cold-blooded and may be slowed by cold attacks.


Message History

You closely miss the hobgoblin.
The hobgoblin is moderately wounded.
The hobgoblin hits you with a club.
* * * LOW HITPOINT WARNING * * *
A goblin comes into view. It is wielding a club.
You closely miss the hobgoblin.
The hobgoblin is moderately wounded.
The hobgoblin hits you with a club.
* * * LOW HITPOINT WARNING * * *
You hit the hobgoblin but do no damage.
The hobgoblin is moderately wounded.
Casting: Flame Tongue
Confirm with . or Enter, or press ? or * to list all spells.
Aiming: Flame Tongue
Press: ? - help, Shift-Dir - straight line, f/p - hobgoblin
Aim: a hobgoblin, wielding a club (moderately wounded)
The flame tongue hits the hobgoblin.
You kill the hobgoblin!
The kobold hits you with a short sword.
You die...

#...... ## #...#... ....
#+#####..### #...#.##
####'########........... ...#...
#................##..## #.. ...
#.....................#####..#.##
#......#########.#.............
#......# #.# ##..# #..####
#....รท.# #)# . #...... #......#
#@# #...### #......# #K# #......
#......# #)# #...#.# ######.# #K#
..#.#...... ....().#


gw. #.#.#..#### ######## ... ...#...... ... #..#.##### ....' +..#......
#..#..##.. You could see a dart slug, a goblin and 2 kobolds.

Vanquished Creatures
  2 goblins (D:1)
  2 hobgoblins (D:1)
  4 kobolds (D:1)
  A bat (D:1)
  2 frilled lizards (D:1)
  A rat (D:1)
12 creatures vanquished.

Notes
Turn   | Place    | Note
-------+----------+-------------------------------------------
     0 | D:1      | BearKnight92 the Draconian Fire Elementalist began the quest for the Orb.
     0 | D:1      | Reached XP level 1. HP: 14/14 MP: 3/3
   293 | D:1      | Reached XP level 2. HP: 11/20 MP: 0/5
   336 | D:1      | Slain by a kobold

Vault maps used:
D:1:      tarquinn_simple_flora_water_a

Skill      XL: |  1 |
---------------+----+-----
Stealth        | 2 |  2.0
Dodging        | |  1.8
Spellcasting   | |  2.0
Conjurations   | |  1.2
Fire Magic     | |  3.3

Action                   || total
-------------------------++-------
Melee: Dagger            ||     8
       Tailslap          ||     1
 Cast: Flame Tongue      ||    14
Armor: Skin              ||     2
Dodge: Dodged            ||     5
